 Dungeon Crawl Stone Soup version 0.28-a0-1374-ga75cb3825e (webtiles) character file.

Game seed: 15250100038886906993

56 Shayle the Skirmisher (level 3, -7/29 HPs)
             Began as a Demonspawn Warper on Dec 31, 2021.
             Shot with a bolt by a kobold brigand (14 damage)
             ... in a sewer on Jan 1, 2022.
             The game lasted 00:05:25 (2434 turns).

Shayle the Skirmisher (Demonspawn Warper)           Turns: 2434, Time: 00:05:26

Health: -7/29      AC:  4    Str: 11    XL:     3   Next: 71%
Magic:  6/6        EV: 11    Int: 20    God:
Gold:   56         SH:  0    Dex: 14    Spells: 6/6 levels left

rFire   . . .      SeeInvis +   k - +0 spear (freeze)
rCold   . . .      Faith    .   (no shield)
rNeg    . . .      Spirit   .   b - +0 leather armour
rPois   .          Reflect  .   (helmet restricted)
rElec   .          Harm     .   (no cloak)
rCorr   .          Rampage  .   o - +0 pair of gloves
Will    .....                   (no boots)
Stlth   ++........              (no amulet)
HPRegen 0.09/turn               i - +6 ring of intelligence
MPRegen 0.10/turn               l - ring of see invisible

@: no status effects
A: horns 1
a: no special abilities


You were in a sewer.
You visited 1 branch of the dungeon, and saw 3 of its levels.
You also visited: Sewer.

You collected 56 gold pieces.

Inventory:

Hand Weapons
 a - a +0 hand axe
 k - a +0 spear of freezing (weapon)
 m - a +0 hunting sling
 p - a +0 short sword of flaming
Missiles
 d - 5 boomerangs of dispersal (quivered)
 n - 5 sling bullets
Armour
 b - a +0 leather armour (worn)
 o - a +0 pair of gloves (worn)
Jewellery
 i - a +6 ring of intelligence (left hand)
 l - a ring of see invisible (right hand)
Scrolls
 c - 2 scrolls of blinking
 h - a scroll of immolation {unknown}
 j - a scroll of identify {unknown}
Potions
 e - a potion of might {unknown}
 f - a potion of invisibility {unknown}
 g - 2 potions of resistance {unknown}


   Skills:
 + Level 3.5 Fighting
 - Level 1.7 Axes
 - Level 0.8 Throwing
 - Level 0.8 Armour
 - Level 1.7 Dodging
 + Level 1.8 Stealth
 - Level 2.0 Spellcasting
 - Level 2.6 Translocations


You had 6 spell levels left.
You didn't know any spells.
Your spell library contained the following spells:

 Spells                   Type           Power      Damage    Failure   Level
 Blink                    Tloc           24%        N/A       11%         2
 Gell's Gravitas          Tloc           12%        N/A       21%         3
 Lesser Beckoning         Tloc           12%        N/A       21%         3
 Teleport Other           Tloc           12%        N/A       21%         3
 Dazzling Flash           Conj/Hex       4%         N/A       52%         3
 Iskenderun's Mystic Bla  Conj/Tloc      7%         2d4       75%         4
 Manifold Assault         Tloc           12%        N/A       88%         5
 Starburst                Conj/Fire      1%         6d3       100%        6


Dungeon Overview and Level Annotations

Branches:
Dungeon (3/15)              Sewer (1/1)

Altars:

Shops:
D:3 *=

Annotations:
D:2 Sigmund


Innate Abilities, Weirdness & Mutations

You have a pair of small horns on your head.


Message History

Fire: 10 sling bullets
Press: ? - help, Q - select action, (/) - cycle Shift-Dir - straight line, f/p - kobold brigand
Aim: a kobold brigand, wielding a +0 hand crossbow and quivering bolts (moderately wounded, 51% to hit)
You shoot a sling bullet.
The sling bullet barely misses the kobold brigand.
Fire: 9 sling bullets
Press: ? - help, Q - select action, (/) - cycle Shift-Dir - straight line, f/p - kobold brigand
Aim: a kobold brigand, wielding a +0 hand crossbow and quivering bolts (moderately wounded, 51% to hit)
You shoot a sling bullet.
The sling bullet hits the kobold brigand.
The kobold brigand is moderately wounded.
You hear a splash.
The kobold brigand shoots a bolt.
The bolt closely misses you.
Fire: 8 sling bullets
Press: ? - help, Q - select action, (/) - cycle Shift-Dir - straight line, f/p - kobold brigand
Aim: a kobold brigand, wielding a +0 hand crossbow and quivering bolts (moderately wounded, 51% to hit)
You shoot a sling bullet.
The sling bullet hits the kobold brigand.
The kobold brigand is heavily wounded.
You hear a splash.
The kobold brigand shoots a bolt.
The bolt hits you but does no damage.
Fire: 7 sling bullets
Press: ? - help, Q - select action, (/) - cycle Shift-Dir - straight line, f/p - kobold brigand
Aim: a kobold brigand, wielding a +0 hand crossbow and quivering bolts (heavily wounded, 51% to hit)
You shoot a sling bullet.
The sling bullet closely misses the kobold brigand.
You hear a splash.
The kobold brigand shoots a bolt.
The bolt hits you!
* * * LOW HITPOINT WARNING * * *
Fire: 6 sling bullets
Press: ? - help, Q - select action, (/) - cycle Shift-Dir - straight line, f/p - kobold brigand
Aim: a kobold brigand, wielding a +0 hand crossbow and quivering bolts (heavily wounded, 51% to hit)
You shoot a sling bullet.
The sling bullet barely misses the kobold brigand.
The kobold brigand shoots a bolt.
The bolt hits you.
* * * LOW HITPOINT WARNING * * *
Your +0 spear of freezing glows with a cold blue light!
k - a +0 spear of freezing (weapon)
The kobold brigand shoots a bolt.
The bolt hits you!
You die...

≈≈..≈##.≈≈.# ≈≈≈..≈≈≈.≈#
.≈≈≈...≈≈# .....≈≈.≈#
.∩..≈≈≈.≈# ....≈..≈.#
......≈≈≈## ###
≈≈..≈...≈.## #####≈≈≈≈.
≈≈..≈##.≈..####≈@†K(#
≈..≈####....≈...###≈((≈(
≈≈.≈# #≈≈≈≈≈≈≈≈# ######
≈.≈.≈ ##....≈≈.###≈≈≈≈.#
≈≈≈.≈ #######≈(≈.≈#
###≈≈ #####≈≈≈≈.# ######


You could see a kobold brigand.

Vanquished Creatures
  2 adders
  2 dart slugs
  4 ball pythons
  5 endoplasms
  A giant cockroach (D:1)
  4 goblins
  A hobgoblin (D:2)
  2 quokkas (D:1)
  2 bats
  4 kobolds
  5 rats
32 creatures vanquished.

Vanquished Creatures (others)
  13 plants (D:2)
13 creatures vanquished.

Grand Total: 45 creatures vanquished

Notes
Turn   | Place    | Note
-------+----------+-------------------------------------------
     0 | D:1      | Shayle the Demonspawn Warper began the quest for the Orb.
     0 | D:1      | Reached XP level 1. HP: 16/16 MP: 3/3
   272 | D:1      | Gained mutation: You have a pair of small horns on your
                  | head. [demonic ancestry]
   272 | D:1      | Reached XP level 2. HP: 14/23 MP: 5/5
   955 | D:1      | Found a faded altar of an unknown god.
   969 | D:1      | Reached skill level 3 in Fighting
  1627 | D:1      | Reached skill level 1 in Stealth
  1627 | D:1      | Reached XP level 3. HP: 22/29 MP: 6/6
  2174 | D:2      | Noticed Sigmund
  2195 | D:3      | Found Pozeca Xieh's Assorted Antiques.
  2245 | D:3      | Found a glowing drain.
  2256 | D:3      | Found Akiepp's Jewellery Shoppe.
  2282 | Sewer    | Entered a sewer
  2374 | Sewer    | Noticed a kobold brigand
  2434 | Sewer    | Shot with a bolt by a kobold brigand

Illustrated notes

Levels and vault maps discovered:
D:1:      wander_arrival_peaceful_grave, layout_basic,
          hellmonk_ecumenical_altar_leap_of_faith
D:2:      layout_rooms, serial_bayou_lagoon_a, dk_noncrumbling_2, uniq_sigmund
D:3:      layout_loops_ring, cheibrodos_sewer_entry_drain, serial_shops,
          nicolae_shop_waterfront, shop, shop, nicolae_shop_hallway_plus,
          nicolae_diamond_shop
Sewer:    sewer_co_tree

Skill      XL: |  1  2 |
---------------+-------+-----
Fighting       | 3 |  3.5
Stealth        | 1 |  1.8
Axes           | |  1.7
Throwing       | |  0.8
Armour         | |  0.8
Dodging        | |  1.7
Spellcasting   | |  2.0
Translocations | |  2.6

Action                   || total
-------------------------++-------
Melee: Hand axe          ||    55
       Headbutt          ||     7
       Spear             ||    23
 Fire: Hunting sling     ||    14
Armor: Leather armour    ||    26
Dodge: Dodged            ||    38

Table legend: (Time is in decaauts)
 A = Elapsed time spent in this place.
 B = Non-inter-level travel time spent in this place.
 C = Inter-level travel time spent in this place.
 D = Time resting spent in this place.
 E = Time spent auto-exploring this place.
 F = Levels seen in this place.
 G = Mean time per level.
                   A        B        C        D        E       F      G
               +--------+--------+--------+--------+--------+-----+--------+
         Total |   2465 |   2452 |     13 |    398 |   1629 |   4 |  616.2 |
       Dungeon |   2305 |   2292 |     13 |    384 |   1536 |   3 |  768.3 |
         Sewer |    160 |    160 |      0 |     14 |     93 |   1 |  160.0 |
               +--------+--------+--------+--------+--------+-----+--------+

Top non-repeatable levels by time:
     D:1: 1678 daAuts
     D:2: 528 daAuts
   Sewer: 160 daAuts
     D:3: 98 daAuts
